 Dungeon Crawl Stone Soup version 0.18-a0-1773-gec4f98e (webtiles) character file.

4441 epen the Carver (level 10, -3/88 HPs)
             Began as a Naga Gladiator on Apr 14, 2016.
             Was a Priest of Trog.
             Slain by a big kobold
             ... wielding a +0 dagger of electrocution
              (17 damage)
             ... on level 8 of the Dungeon.
             The game lasted 00:27:55 (13440 turns).

epen the Carver (Naga Gladiator)                   Turns: 13440, Time: 00:27:56

Health: -3/88      AC: 11    Str: 29    XL:     10   Next: 37%
Magic:  3/3        EV: 12    Int:  8    God:    Trog [***...]
Gold:   452        SH:  0    Dex: 11    Spells: 0 memorised, 9 levels left

rFire  . . .     SeeInvis +     A - +3 rapier of the Warrior {antimagic, +Fly Str+7} (curse)
rCold  + . .     Gourm    .     J - +2 ring mail {rC+}
rNeg   . . .     Faith    .     (no shield)
rPois  +         Spirit   .     c - +0 helmet
rElec  .         Dismiss  +     t - +0 cloak
rCorr  .         Reflect  .     (no gloves)
SustAt .         Harm     .     (no barding)
MR     ++...                    o - amulet of dismissal
Stlth  +.........               e - ring of protection from magic
                                F - ring of loudness (curse)

@: exhausted, slowed, very slow, very resistant to hostile enchantments, very
unstealthy
A: see invisible, deformed body, poison resistance, slowness 2, slow metabolism
1, spit poison 2, AC +3
a: Spit Poison, Berserk, Trog's Hand, Burn Spellbooks, Renounce Religion, Evoke
Flight


You were on level 8 of the Dungeon.
You worshipped Trog.
Trog was most pleased with you.
You were not hungry.

You visited 2 branches of the dungeon, and saw 9 of its levels.

You collected 452 gold pieces.

Inventory:

Hand Weapons
 a - a +0 long sword
 g - a +0 long sword
 k - a +0 scimitar
 A - the cursed +3 rapier of the Warrior (weapon) {antimagic, +Fly Str+7}
   (You found it on level 7 of the Dungeon)

   It disrupts the flow of magical energy around spellcasters and certain
   magical creatures (including the wielder).
   It affects your strength (+7).
   It lets you fly.
   It has a curse placed upon it.
 K - a +1 falchion of holy wrath
 M - a +1 great sword
Missiles
 d - 2 throwing nets (quivered)
 x - 7 javelins
Armour
 b - a +0 leather armour
 c - a +0 helmet (worn)
 t - a +0 cloak (worn)
 u - a +0 ring mail
 G - a +0 scale mail
 J - a +2 ring mail of cold resistance (worn)
Jewellery
 e - a ring of protection from magic (right hand)
 o - an amulet of dismissal (around neck)
 C - a +2 ring of intelligence
 F - a cursed ring of loudness (left hand)
Wands
 h - a wand of random effects (28/48)
 n - a wand of heal wounds (0/9)
 r - a wand of slowing (16/48)
 I - a wand of random effects (21/48)
Scrolls
 j - a scroll of identify
 l - a scroll of magic mapping
 m - 3 scrolls of amnesia
 p - 5 scrolls of remove curse
 w - 3 scrolls of fear
 y - a scroll of recharging
 z - 2 scrolls of immolation
 B - a scroll of noise
Potions
 q - a potion of curing {unknown}
 s - a potion of berserk rage
 v - a potion of lignification
Books
 E - a book of Beasts

   Spells                             Type                      Level
   a - Summon Butterflies             Summoning                    1
   b - Call Canine Familiar           Summoning                    3
   c - Summon Ice Beast               Ice/Summoning                4
   d - Summon Mana Viper              Hexes/Summoning              5
   e - Summon Hydra                   Summoning                    7
   Trog disapproves of the use of such an item.
 H - a book of Necromancy

   Spells                             Type                      Level
   a - Pain                           Necromancy                   1
   b - Animate Skeleton               Necromancy                   1
   c - Vampiric Draining              Necromancy                   3
   d - Regeneration                   Charms/Necromancy            3
   e - Animate Dead                   Necromancy                   4
   f - Control Undead                 Necromancy                   4
   Trog disapproves of the use of such an item.
Comestibles
 f - 12 bread rations
 i - 5 meat rations
 D - 2 beef jerkies
 L - 7 slices of pizza
 N - 2 chunks of flesh


   Skills:
 + Level 5.4 Fighting
 * Level 9.3 Long Blades
 - Level 1.7 Throwing
 + Level 4.1 Armour
 * Level 7.8 Dodging
 - Level 5.1 Stealth


You had 9 spell levels left.
You didn't know any spells.

Dungeon Overview and Level Annotations

Branches:
Dungeon (8/15)             Temple (1/1) D:5
   Lair: D:8-11

Altars:
Cheibriados
Elyvilon
Fedhas
Gozag
Kikubaaqudgha
Makhleb
Okawaru
Pakellas
Qazlal
Ru
Sif Muna
Trog
Xom
Yredelemnul

Shops:
D:6 :


Innate Abilities, Weirdness & Mutations

You cannot wear boots.
Your serpentine skin is tough (AC +3).
You have supernaturally acute eyesight.
Armour fits poorly on your strangely shaped body.
Your system is resistant to poisons.
You cover ground very slowly.
You have a slow metabolism.
You can spit poison.


Message History

The big kobold hits you but does no damage.
You completely miss the big kobold.
The big kobold is lightly wounded.
The big kobold barely misses you.
You barely miss the big kobold.
The big kobold is lightly wounded.
The big kobold hits you but does no damage. x2
You are electrocuted!
You puncture the big kobold!
The big kobold is severely wounded.
The big kobold hits you but does no damage.
You are electrocuted!
* * * LOW HITPOINT WARNING * * *
Evoke which item? (* to show all) (? for menu, Esc to quit)
Zapping:
n - a wand of heal wounds {zapped: 6} (will waste charges)
Press: ? - help, Shift-Dir - straight line, f - you Nothing appears to happen.
The big kobold barely misses you.
The big kobold hits you but does no damage.
You are electrocuted!
You die...

.......... .........# .
............... ..
............... ...
..............# ....
......K#.....K###..... .
.......#......))........
.......# #.#...####.....
.......# #)#(>.K@......#
.......###(............#
######...(..###........#
#..).)............#
#..[...............
#..................
#..................
#..................
#...............


You could see a big kobold.

Vanquished Creatures
  Pikel (D:6)
  Psyche (D:8)
  A human (D:7)
  A hog (D:7)
  A hippogriff (D:7)
  2 orc warriors
  2 ice beasts
  A phantom (D:7)
  2 slaves (D:6)
  Duvessa (D:4)
  6 centaurs
  2 big kobolds (D:7)
  2 giant frogs (D:7)
  A gnoll sergeant (D:7)
  3 scorpions (D:5)
  Dowan (D:4)
  A wight (D:7)
  A howler monkey (D:7)
  A giant frog zombie (D:6)
  A jelly (D:8)
  A gnoll shaman (D:7)
  11 hounds
  6 orc priests
  7 orc wizards
  3 centaur skeletons
  An iguana (D:5)
  7 worker ants
  3 sheep (D:7)
  8 adders
  22 gnolls
  2 shadow imps (D:7)
  An adder skeleton (D:6)
  An adder zombie (D:5)
  3 worms
  2 dart slugs
  4 giant geckos
  28 orcs
  4 giant cockroaches
  14 hobgoblins
  7 jackals
  3 quokkas
  2 ball pythons
  7 bats
  3 giant newts
  8 goblins
  16 kobolds
  A quokka skeleton (D:7)
  9 rats
216 creatures vanquished.

Vanquished Creatures (others)
  2 slaves (D:6)
  A giant frog (D:6)
  An orc (D:6)
  A plant (D:7)
5 creatures vanquished.

Grand Total: 221 creatures vanquished

Notes
Turn   | Place    | Note
--------------------------------------------------------------
     0 | D:1      | epen the Naga Gladiator began the quest for the Orb.
     0 | D:1      | Reached XP level 1. HP: 19/19 MP: 1/1
   508 | D:1      | Reached XP level 2. HP: 18/26 MP: 2/2
  1136 | D:2      | Reached skill level 1 in Stealth
  1178 | D:2      | Found a sacrificial altar of Ru.
  1236 | D:2      | Reached XP level 3. HP: 25/32 MP: 3/3
  2118 | D:3      | Found a basalt altar of Yredelemnul.
  2201 | D:3      | Reached XP level 4. HP: 12/39 MP: 4/4
  2591 | D:3      | Reached skill level 4 in Long Blades
  2675 | D:3      | Found a deep blue altar of Sif Muna.
  2832 | D:3      | Reached XP level 5. HP: 39/45 MP: 5/5
  3619 | D:4      | Noticed Duvessa
  3619 | D:4      | Noticed Dowan
  3793 | D:4      | Reached XP level 6. HP: 33/52 MP: 6/6
  4596 | D:4      | Reached skill level 5 in Long Blades
  4789 | D:4      | Noticed a phantom
  4950 | D:4      | Killed Dowan
  5278 | D:5      | Entered Level 5 of the Dungeon
  5299 | D:5      | Found an oddly glowing altar of Pakellas.
  5709 | D:5      | Noticed an ice beast
  5732 | D:5      | Reached XP level 7. HP: 34/60 MP: 7/7
  5858 | D:5      | Found a staircase to the Ecumenical Temple.
  5877 | Temple   | Entered the Ecumenical Temple
  5887 | Temple   | Became a worshipper of Trog the Wrathful
  6182 | D:5      | Reached skill level 5 in Stealth
  6608 | D:6      | Found a snail-covered altar of Cheibriados.
  6630 | D:6      | Found Elefreid's Book Shop.
  6674 | D:6      | Reached skill level 6 in Long Blades
  6822 | D:6      | Reached skill level 1 in Armour
  6822 | D:6      | Reached skill level 5 in Dodging
  7185 | D:6      | Reached XP level 8. HP: 53/68 MP: 8/8
  7238 | D:6      | Noticed Pikel
  7834 | D:4      | Killed Duvessa
  8419 | D:6      | Found a shimmering altar of Xom.
  8626 | D:6      | Found an iron altar of Okawaru.
  8677 | D:6      | Killed Pikel
  8677 | D:6      | Reached skill level 7 in Long Blades
  9265 | D:6      | Reached XP level 9. HP: 30/76 MP: 9/9
 10623 | D:7      | Got a crude rapier
 10626 | D:7      | Identified the cursed +3 rapier of the Warrior {antimagic, +Fly Str+7} (You found it on level 7 of the Dungeon)
 10762 | D:7      | Reached skill level 8 in Long Blades
 11166 | D:7      | Reached * piety under Trog
 11970 | D:7      | Reached ** piety under Trog
 12156 | D:7      | Reached XP level 10. HP: 87/87 MP: 3/10
 12195 | D:7      | Reached skill level 5 in Fighting
 12552 | D:7      | Reached skill level 9 in Long Blades
 13376 | D:8      | Noticed Psyche
 13405 | D:8      | Paralysed by Psyche for 4 turns
 13410 | D:8      | Killed Psyche
 13412 | D:8      | Reached *** piety under Trog
 13440 | D:8      | Slain by a big kobold

Vault maps used:
D:1:      scummos_arrival_simple_fountains
D:2:      nicolae_ru_sacrificial_ziggurat, minivault_14
D:3:      marbit_many_paths, yredelemnul_altar_generic
D:4:      first_bread, uniq_duvessa
D:5:      johnstein_pakellas_death_squad, minmay_temple_entry_overgrown,
          serial_co_window_serial, co_window_paths_a, co_window_corner_a,
          co_window_cross_1, co_window_paths_a, co_window_cross_1,
          co_window_paths_a, co_window_paths_a, co_window_corner_a,
          co_window_paths_b, co_window_broadway_a, co_window_corner_b,
          co_window_paths_c, co_window_4corner_b, minmay_holes
D:6:      okawaru_ov_weapons_minmay, xom_butterflies, cheibriados_altar_wand_db,
          serial_shops, shop, uniq_pikel
D:7:      kennysheep_housing_project, grunt_livestock,
          kennysheep_generic_room_10
D:8:      old_standard_altar, uniq_psyche, uniq_grum
Temple:   triangle_lava_temple_12

Skill      XL: |  1  2  3  4  5  6  7  8  9 10 |
---------------+-------------------------------+-----
Stealth        | 1 2 3 4 5 |  5.1
Dodging        | 3 4 5 6 7 |  7.8
Long Blades    | 4 5 6 7 8 9 |  9.3
Armour         | 1 2 3 4 |  4.1
Fighting       | 3 4 5 |  5.4
Throwing       | |  1.7

Action                   |  1- 3 |  4- 6 |  7- 9 | 10-12 || total
-------------------------+-------+-------+-------+-------++-------
Melee: Long sword        |   144 |   253 |   118 |       ||   515
       Falchion          |       |       |    72 |       ||    72
       Spear             |       |       |    52 |       ||    52
       Unarmed           |       |       |     4 |       ||     4
       Rapier            |       |       |   235 |   184 ||   419
       Scimitar          |       |       |    52 |       ||    52
Throw: Javelin           |       |     1 |       |       ||     1
       Throwing net      |       |     1 |       |       ||     1
Invok: Trog's Hand       |       |       |     1 |     1 ||     2
       Berserk           |       |       |     1 |       ||     1
 Abil: Spit Poison       |       |     8 |    32 |     1 ||    41
Evoke: Wand              |       |     2 |     5 |     2 ||     9
  Use: Potion            |       |       |     6 |     2 ||     8
       Scroll            |       |       |    15 |     3 ||    18
 Stab: Sleeping          |       |     2 |     4 |       ||     6
       Distracted        |       |       |     1 |     1 ||     2
  Eat: Chunk             |     2 |     8 |    10 |     5 ||    25
       Pizza             |       |     1 |       |       ||     1
       Royal jelly       |       |       |     1 |       ||     1
       Beef jerky        |       |       |     1 |     1 ||     2
       Meat ration       |       |       |     1 |       ||     1
Armor: Leather armour    |    26 |       |       |       ||    26
       Ring mail         |    13 |    92 |   181 |    77 ||   363
       Scale mail        |       |       |    35 |       ||    35
       Skin              |       |       |    26 |       ||    26
Dodge: Dodged            |    84 |   186 |   298 |   113 ||   681
